 Dungeon Crawl Stone Soup version 0.29.0-4-gdea44cf6ec (webtiles) character file.

Game seed: 12511244603034867294

12 qw the Chopper (level 2, 0/17 HPs)
             Began as a Tengu Warper on Aug 28, 2022.
             Slain by a kobold
             ... wielding a +2 short sword of venom
              (4 damage)
             ... on level 1 of the Dungeon.
             The game lasted 00:00:02 (430 turns).

qw the Chopper (Tengu Warper)                        Turns: 430, Time: 00:00:03

Health: 0/17       AC:  3    Str: 11    XL:     2   Next: 33%
Magic:  6/6        EV: 11    Int: 13    God:
Gold:   19         SH:  0    Dex: 13    Spells: 5/5 levels left

rFire   . . .      SeeInvis .   a - +0 hand axe
rCold   . . .      Faith    .   (no shield)
rNeg    . . .      Spirit   .   b - +0 leather armour
rPois   .          Reflect  .   (helmet restricted)
rElec   .          Harm     .   (no cloak)
rCorr   .          Rampage  .   (no gloves)
Will    .....                   (boots unavailable)
Stlth   +.........              (no amulet)
HPRegen 0.05/turn               (no ring)
MPRegen 0.10/turn               (no ring)

@: lethally poisoned (0 -> -9)
A: beak, talons 3
a: no special abilities


You were on level 1 of the Dungeon.
You visited 1 branch of the dungeon, and saw 1 of its levels.

You collected 19 gold pieces.


Innate Abilities, Weirdness & Mutations

You have a beak for a mouth.
You have claws for feet.


   Skills:
 - Level 2.0 Fighting
 + Level 3.2 Axes
 - Level 1.0 Throwing
 - Level 1.1 Armour
 - Level 2.1 Dodging
 - Level 2.0 Spellcasting
 - Level 2.4 Translocations


You had 5 spell levels left.
You didn't know any spells.
Your spell library contained the following spells:

 Spells                   Type           Power      Damage    Failure   Level
 Blink                    Tloc           14%        N/A       19%         2
 Gell's Gravitas          Tloc           7%         N/A       36%         3
 Lesser Beckoning         Tloc           7%         N/A       36%         3
 Teleport Other           Tloc           7%         N/A       36%         3
 Manifold Assault         Tloc           7%         N/A       98%         5

Inventory:

Hand Weapons
 a - a +0 hand axe (weapon)
 g - a +0 mace
Armour
 b - a +0 leather armour (worn)
 f - a +0 scale mail
Jewellery
 h - an amulet of regeneration
Scrolls
 c - a scroll of blinking
 d - a scroll of silence {unknown}
Potions
 e - 2 potions of curing {unknown}

Dungeon Overview and Level Annotations

Branches:
Dungeon (1/15)

Altars:


Message History

You kill the bat!
You see here a bat corpse.
h - an amulet of regeneration
Enter note: A quokka comes into view.
You barely miss the quokka. Your kick misses the quokka.
The quokka bites you but does no damage.
The quokka bites you.
You barely miss the quokka. The quokka barely misses you.
You hit the quokka. You claw the quokka. Your peck misses the quokka.
The quokka is severely wounded.
The quokka completely misses you.
You hit the quokka.
The quokka is almost dead.
The quokka bites you.
The quokka bites you but does no damage.
You closely miss the quokka. Your kick misses the quokka.
The quokka is almost dead.
The quokka barely misses you.
You barely miss the quokka. You claw the quokka.
You kill the quokka!
You start resting.
HP restored.
You see here a quokka corpse.
A kobold comes into view.
It is wielding a +2 short sword of venom.
The kobold shouts!
An endoplasm comes into view.
424 ||| Stepping ~*~*~tactically~*~*~ (stealth).
You closely miss the kobold. Your kick misses the kobold.
The kobold hits you with a +2 short sword of venom.
You barely miss the kobold. You peck the kobold, but do no damage.
The kobold hits you with a +2 short sword of venom.
You are lethally poisoned!
The kobold misses you.
You hit the kobold.
The kobold is moderately wounded.
You feel very sick.
The kobold hits you with a +2 short sword of venom.
You die...

....##
#....#..................
#....#
####.#..........#...###.
.....## #.#..^..>......#.####
####..####
#.######.....##..##..
##....## #.##
##..####........
#.##..###..###..........#####
...###.%..#........#####. #
###..............##### #.# #
####........@......## #.#
##.......K.####...##.#####
#..###....... ............
...## ##....### #....(....
#.## #......... ##~~~#'... ..
...#.#......#.....#..#
J####.#......~..<..~..#
#.#...)..~..}..~..#
....#.....#..#


You could see a kobold.

Vanquished Creatures
  2 endoplasms (D:1)
  2 jackals (D:1)
  A quokka (D:1)
  4 bats (D:1)
  2 kobolds (D:1)
11 creatures vanquished.

Notes
Turn   | Place    | Note
-------+----------+-------------------------------------------
     0 | D:1      | qw the Tengu Warper began the quest for the Orb.
     0 | D:1      | Reached XP level 1. HP: 12/12 MP: 4/4
     0 | D:1      | 0 ||| qw: Version: 0.1-a-89-g26bdef1
     0 | D:1      | 0 ||| qw: Game counter: 1507
     0 | D:1      | 0 ||| qw: Always use a shield: true
     0 | D:1      | 0 ||| qw: God list: Okawaru
     0 | D:1      | 0 ||| qw: Allow faded altars: false
     0 | D:1      | 0 ||| qw: Do Orc after D:15 true
     0 | D:1      | 0 ||| qw: Do second Lair branch before Depths: true
     0 | D:1      | 0 ||| qw: Lair rune preference: random
     0 | D:1      | 0 ||| qw: Plans: Normal
     0 | D:1      | 0 ||| PLANNING D:1-11
   238 | D:1      | Reached skill level 3 in Axes
   238 | D:1      | Reached XP level 2. HP: 16/17 MP: 6/6
   244 | D:1      | 244 ||| Stepping ~*~*~tactically~*~*~ (stealth).
   424 | D:1      | 424 ||| Stepping ~*~*~tactically~*~*~ (stealth).
   430 | D:1      | HP: 4/17 [poisoned by a kobold]
   430 | D:1      | Slain by a kobold

Levels and vault maps discovered:
D:1:      dpeg_arrival_rooms_with_view, layout_rooms

Skill      XL: |  1 |
---------------+----+-----
Axes           | 3 |  3.2
Fighting       | |  2.0
Throwing       | |  1.0
Armour         | |  1.1
Dodging        | |  2.1
Spellcasting   | |  2.0
Translocations | |  2.4

Action                   || total
-------------------------++-------
Melee: Hand axe          ||    28
       Kick              ||     5
       Peck              ||     2
Throw: Boomerang         ||     7
Armor: Leather armour    ||     9
Dodge: Dodged            ||    17

Table legend:
 A = Non-vault XP
 B = Vault XP
 C = Vault XP percentage of total XP
 D = Non-vault monster count
 E = Vault monster count
 F = Vault count percentage of total count
                 A         B        C        D         E       F
            +---------+---------+-------+---------+---------+-------
      Total |      16 |       2 |  11.1 |      10 |       1 |   9.1
            +---------+---------+-------+---------+---------+-------
        D:1 |      16 |       2 |  11.1 |      10 |       1 |   9.1
            +---------+---------+-------+---------+---------+-------
